 Dungeon Crawl Stone Soup version 0.29-a0-384-g6960b1960d (webtiles) character file.

Game seed: 10344776303129069522

653 bande the Covered (level 7, -4/44 HPs)
             Began as a Gargoyle Fighter on May 8, 2022.
             Slain by a yak (5 damage)
             ... on level 4 of the Dungeon.
             The game lasted 00:09:02 (5209 turns).

bande the Covered (Gargoyle Fighter)                Turns: 5209, Time: 00:09:03

Health: -4/44      AC: 18    Str: 19    XL:     7   Next: 54%
Magic:  7/7        EV:  7    Int:  9    God:
Gold:   255        SH:  4    Dex: 11    Spells: 6/6 levels left

rFire   . . .      SeeInvis .   a - +0 war axe
rCold   . . .      Faith    .   c - +0 buckler
rNeg    + . .      Spirit   .   p - +0 chain mail
rPois   ∞          Reflect  .   b - +1 helmet
rElec   +          Harm     .   (no cloak)
rCorr   .          Rampage  .   (no gloves)
Will    .....                   d - +0 pair of boots
Stlth   ..........              (no amulet)
HPRegen 0.14/turn               o - ring of flight
MPRegen 0.10/turn               (no ring)

@: flying
A: sickness immunity, AC +4, negative energy resistance 1, electricity
resistance, torment resistance 1, petrification resistance
a: no special abilities


You were on level 4 of the Dungeon.
You visited 1 branch of the dungeon, and saw 5 of its levels.

You collected 255 gold pieces.

Inventory:

Hand Weapons
 a - a +0 war axe (weapon)
 e - a +1 mace of protection
 i - a +0 flail
Armour
 b - a +1 helmet (worn)
 c - a +0 buckler (worn)
 d - a +0 pair of boots (worn)
 p - a +0 chain mail (worn)
Jewellery
 g - an amulet of magic regeneration
 o - a ring of flight (left hand)
Wands
 r - a wand of digging (6)
Scrolls
 f - 2 scrolls of teleportation
 h - a scroll of identify
 m - 2 scrolls of amnesia
Potions
 j - 3 potions of brilliance
 k - 2 potions of flight {unknown}
 l - 2 potions of magic
 n - 3 potions of curing
 q - a potion of ambrosia {unknown}


   Skills:
 + Level 4.5 Fighting
 + Level 5.3 Axes
 + Level 5.5 Armour
 + Level 4.1 Shields
 * Level 0.5 Evocations


You had 6 spell levels left.
You didn't know any spells.
Your spell library contained the following spells:

 Spells                   Type           Power      Damage    Failure   Level
 Magic Dart               Conj           0%         1d3       99%         1
 Call Imp                 Summ           0%         N/A       100%        2
 Corpse Rot               Necr/Air       0%         N/A       100%        2
 Poisonous Vapours        Pois/Air       0%         N/A       100%        2
 Gell's Gravitas          Tloc           0%         N/A       100%        3
 Mephitic Cloud           Conj/Pois/Air  0%         N/A       100%        3
 Teleport Other           Tloc           0%         N/A       100%        3
 Dispersal                Tloc           0%         N/A       100%        6


Dungeon Overview and Level Annotations

Branches:
Dungeon (5/15)
 Temple: D:4-7

Altars:


Innate Abilities, Weirdness & Mutations

You are immune to sickness and miasma.
Your stone body is resilient. (AC +4)
You are immune to poison.
You resist negative energy. (rN+)
You are resistant to electric shocks. (rElec)
You are resistant to unholy torment.
You are immune to petrification.


Message History

A yak comes into view. 2 yaks come into view.
The yak bellows! x3; You hear a bellow!
A yak comes into view.
There is an open door here.
There is an open door here.
There is a stone staircase leading up here.
You fly upwards.
There is a stone staircase leading down here.
You fly downwards.
The yak barely misses you. The yak gores you.
There is a stone staircase leading up here.
The yak gores you!
You fly upwards.
There is a stone staircase leading down here.
You slash the yak!
The yak is moderately wounded.
You block the yak's attack.
You slash the yak!
The yak is heavily wounded.
The yak gores you but does no damage.
You barely miss the yak.
The yak is heavily wounded.
The yak gores you.
You hit the yak.
The yak is heavily wounded.
The yak gores you! The yak gores you.
You are too injured to fight recklessly!
You are too injured to fight recklessly!
You are too injured to fight recklessly!
You are too injured to fight recklessly!
You are too injured to fight recklessly!
You are too injured to fight recklessly!
You hit the yak.
The yak is heavily wounded.
The yak gores you!
* * * LOW HITPOINT WARNING * * *
You hit the yak.
The yak is severely wounded.
The yak gores you.
You die...

........................######...
.............................#...
.............................'...
.......###############'#.....#...
.......#......#.....#..#.<...#...
.......+..>...#.....#..#.....#...
.......#......#.....#..#.....#...
.......#.....##....##..#.....#...
.†.....#..(..##.@..###'#.....#'##
.......#.....##Y...##..###'##....
###....+...........#...'..(.#....
#....#...........#...#....#....
#....#.....##..####..##...#....
#....#....)##'#####..##...#....
###....'.....#....'.....+...#####
.......#.....#....#....##+####...
.......#.....#....#....#.....#...


You could see a yak.

Vanquished Creatures
  Sigmund (D:2)
  A phantom (D:5)
  A necrophage (D:4)
  A scorpion (D:4)
  2 hounds
  An orc priest (D:3)
  An iguana (D:5)
  An orc wizard (D:3)
  3 gnolls (D:3)
  5 adders
  6 worms
  2 dart slugs
  9 orcs
  4 bats
  2 endoplasms (D:4)
  4 giant cockroaches
  2 goblins
  5 hobgoblins
  5 jackals (D:1)
  10 kobolds
  A quokka (D:3)
  5 ball pythons
  A frilled lizard (D:3)
  3 rats
76 creatures vanquished.

Vanquished Creatures (others)
  8 plants (D:2)
  11 withered plants (D:2)
19 creatures vanquished.

Grand Total: 95 creatures vanquished

Notes
Turn   | Place    | Note
-------+----------+-------------------------------------------
     0 | D:1      | bande the Gargoyle Fighter began the quest for the Orb.
     0 | D:1      | Reached XP level 1. HP: 14/14 MP: 1/1
    56 | D:1      | Reached XP level 2. HP: 12/19 MP: 2/2
   964 | D:2      | Reached XP level 3. HP: 21/23 MP: 3/3
  1472 | D:2      | Found a faded altar of an unknown god.
  1770 | D:2      | Noticed Sigmund
  1776 | D:2      | Killed Sigmund
  1777 | D:2      | Reached XP level 4. HP: 29/29 MP: 4/4
  1777 | D:2      | Reached XP level 5. HP: 33/33 MP: 5/5
  2273 | D:3      | Reached XP level 6. HP: 38/38 MP: 6/6
  2930 | D:3      | Reached skill level 5 in Armour
  4215 | D:4      | Reached XP level 7. HP: 41/44 MP: 7/7
  4542 | D:4      | Reached skill level 5 in Axes
  4739 | D:5      | Entered Level 5 of the Dungeon
  5158 | D:5      | Noticed a yak
  5158 | D:5      | Noticed a yak
  5159 | D:5      | Noticed a yak
  5159 | D:5      | Noticed a yak
  5159 | D:5      | Noticed a yak
  5208 | D:4      | HP: 1/44 [yak (13)]
  5209 | D:4      | Slain by a yak

Illustrated notes

Levels and vault maps discovered:
D:1:      elethiomel_arrival_quiet, layout_basic, minmay_tiny_reverse_x
D:2:      layout_loops_ring, shapermc_ecumenical_altar_flowoftime, uniq_sigmund
D:3:      layout_loops_cross
D:4:      layout_gridville
D:5:      layout_loops_corners, kennysheep_generic_room_16

Skill      XL: |  1  2  3  4  5  6  7 |
---------------+----------------------+-----
Axes           | 2 3 4 5 |  5.3
Fighting       | 4 |  4.5
Armour         | 4 5 |  5.5
Shields        | 4 |  4.1
Evocations     | |  0.5

Action                   |  1- 3 |  4- 6 |  7- 9 || total
-------------------------+-------+-------+-------++-------
Melee: War axe           |    73 |   126 |    73 ||   272
  Use: Scroll            |     6 |     7 |       ||    13
       Potion            |     1 |       |       ||     1
Armor: Scale mail        |    28 |       |       ||    28
       Chain mail        |     7 |    97 |    31 ||   135
Dodge: Dodged            |    33 |    60 |    27 ||   120
Block: Buckler           |    12 |    38 |    11 ||    61

Table legend: (Time is in decaauts)
 A = Elapsed time spent in this place.
 B = Non-inter-level travel time spent in this place.
 C = Inter-level travel time spent in this place.
 D = Time resting spent in this place.
 E = Time spent auto-exploring this place.
 F = Levels seen in this place.
 G = Mean time per level.
                   A        B        C        D        E       F      G
               +--------+--------+--------+--------+--------+-----+--------+
         Total |   5303 |   5168 |    135 |    792 |   3452 |   5 | 1060.6 |
       Dungeon |   5303 |   5168 |    135 |    792 |   3452 |   5 | 1060.6 |
               +--------+--------+--------+--------+--------+-----+--------+

Top non-repeatable levels by time:
     D:3: 1433 daAuts
     D:2: 1357 daAuts
     D:4: 1075 daAuts
     D:1: 964 daAuts
     D:5: 472 daAuts
